 Dungeon Crawl Stone Soup version 0.26-b1-32-g5d43845318 (webtiles) character file.

Game seed: 8967267299528266205

248 EnegeticOcto the Chopper (level 5, -5/47 HPs)
             Began as a Minotaur Fighter on Jan 8, 2021.
             Slain by a killer bee (8 damage)
             ... on level 4 of the Dungeon.
             The game lasted 00:00:43 (2022 turns).

EnegeticOcto the Chopper (Minotaur Fighter)         Turns: 2022, Time: 00:00:44

Health: -5/47      AC:  8    Str: 21    XL:     5   Next: 86%
Magic:  4/4        EV:  7    Int:  5    God:
Gold:   49         SH:  9    Dex: 10    Spells: 4/4 levels left

rFire    . . .     SeeInvis .   a - +0 war axe
rCold    . . .     Faith    .   c - +0 kite shield
rNeg     . . .     Spirit   .   b - +0 scale mail
rPois    .         Reflect  .   (helmet restricted)
rElec    .         Harm     .   m - +0 cloak
rCorr    .         Rampage  .   (no gloves)
Will     .....                  (no boots)
Stlth    ..........             (no amulet)
HPRegen  0.15/turn              (no ring)
MPRegen  0.09/turn              (no ring)

@: lethally poisoned (-5 -> -38)
A: retaliatory headbutt, horns 2
a: no special abilities


You were on level 4 of the Dungeon.
You visited 1 branch of the dungeon, and saw 4 of its levels.

You collected 49 gold pieces.

Inventory:

Hand Weapons
 a - a +0 war axe (weapon)
Armour
 b - a +0 scale mail (worn)
 c - a +0 kite shield (worn)
 m - a +0 cloak (worn)
Jewellery
 f - an uncursed ring of fire {unknown}
Scrolls
 e - 8 scrolls of identify {unknown}
 g - 6 scrolls of remove curse {unknown}
 h - a scroll of immolation {unknown}
 k - a scroll of enchant weapon {unknown}
Potions
 d - 2 potions of might {@q3}
 i - a potion of lignification {unknown}
 j - a potion of mutation {unknown}
 l - a potion of resistance {@q5}


   Skills:
 + Level 4.8 Fighting
 * Level 5.0 Axes
 + Level 4.8 Armour
 + Level 4.8 Shields


You had 4 spell levels left.
You didn't know any spells.
Your spell library was empty.

Dungeon Overview and Level Annotations

Branches:
Dungeon (4/15)
 Temple: D:4-7

Altars:
Elyvilon
Nemelex Xobeh


Innate Abilities, Weirdness & Mutations

You reflexively headbutt those who attack you in melee.
You have a pair of horns on your head.


Message History

Found a stone staircase leading down.
Found 10 bolts. 4 killer bees come into view.
The killer bee buzzes angrily. x3
You block the killer bee's attack.
There are monsters nearby!
There are monsters nearby!
There are monsters nearby!
There are monsters nearby!
You slash the killer bee!
The killer bee is almost dead.
An ogre comes into view. It is wielding a +0 giant club.
There are monsters nearby!
You miss the killer bee. Your headbutt misses the killer bee.
The killer bee is almost dead.
You barely miss the killer bee. You block the killer bee's attack.
The killer bee closely misses you. You block the killer bee's attack. x2
The killer bee barely misses you.
You hit the killer bee.
The killer bee is almost dead.
You miss the killer bee. The killer bee stings you.
You block the killer bee's attack. x2; The killer bee stings you.
You are poisoned.
The killer bee poisons you! The killer bee stings you!
You are more poisoned.
The killer bee poisons you! You block the killer bee's attack.
You miss the killer bee.
You headbutt the killer bee, but do no damage.
The killer bee is almost dead.
You slash the killer bee!
You feel sick. The killer bee stings you. The killer bee stings you!
You are more poisoned.
The killer bee poisons you!
The killer bee stings you but does no damage.
The killer bee barely misses you. You block the killer bee's attack.
The killer bee stings you but does no damage.
You barely miss the killer bee.
The killer bee is almost dead.
You slash the killer bee!
You kill the killer bee!
You feel sick.
The killer bee stings you but does no damage.
You block the killer bee's attack. The killer bee barely misses you. x2
You furiously retaliate!
You headbutt the killer bee.
The killer bee stings you but does no damage.
You slash the killer bee!
You kill the killer bee!
You closely miss the killer bee.
You feel sick. The killer bee stings you. You block the killer bee's attack.
The killer bee stings you!
* * * LOW HITPOINT WARNING * * *
You are more poisoned.
The killer bee poisons you! The killer bee barely misses you.
The killer bee stings you but does no damage.
Your Axes skill increases to level 5!
You are too injured to fight recklessly!
You are too injured to fight recklessly!
You are too injured to fight recklessly!
You are too injured to fight recklessly!
You are too injured to fight recklessly!
You are too injured to fight recklessly!
You are too injured to fight recklessly!
You are too injured to fight recklessly!
You are too injured to fight recklessly!
You are too injured to fight recklessly!
You are too injured to fight recklessly!
You are too injured to fight recklessly!
You are too injured to fight recklessly!
You are too injured to fight recklessly!
You are too injured to fight recklessly!
You are too injured to fight recklessly!
You are too injured to fight recklessly!
You are too injured to fight recklessly!
You are too injured to fight recklessly!
You are too injured to fight recklessly!
You are too injured to fight recklessly!
You are too injured to fight recklessly!
You are too injured to fight recklessly!
You are too injured to fight recklessly!
You are too injured to fight recklessly!
You are too injured to fight recklessly!
You are too injured to fight recklessly!
You are too injured to fight recklessly!
You are too injured to fight recklessly!
You are too injured to fight recklessly!
You hit the killer bee. Your headbutt misses the killer bee.
The killer bee is heavily wounded.
You miss the killer bee.
* * * LOW HITPOINT WARNING * * *
You feel very sick. The killer bee stings you.
* * * LOW HITPOINT WARNING * * *
You are more poisoned.
The killer bee poisons you! The killer bee stings you.
* * * LOW HITPOINT WARNING * * *
You are more poisoned.
The killer bee poisons you! You block the killer bee's attack.
The killer bee completely misses you.
A worm comes into view.
The killer bee stings you!
You die...

##......#....#
#..###.......##
##.## ##.......#
#..# #.....###
...## #....##
.#..####...##
###..##...##
#### #
###...#..##
####....#
#.####..###.@yO#
#.# ##.....#y.#
#.# ##..###..#
#.. #..## ...#
... #..# ...#
### ...## ....
##.. .##.w #..
.# ..# #..


You could see an ogre, a worm (wandering) and 2 killer bees.

Vanquished Creatures
  2 killer bees (D:4)
  Crazy Yiuf (D:2)
  Jessica (D:2)
  A worker ant (D:4)
  An adder (D:2)
  A gnoll (D:1)
  4 worms
  4 dart slugs
  3 leopard geckos
  2 giant cockroaches (D:1)
  5 goblins
  3 hobgoblins
  3 jackals (D:2)
  2 quokkas (D:2)
  A ball python (D:1)
  A bat (D:2)
  3 frilled lizards
  6 kobolds
  6 rats
50 creatures vanquished.

Notes
Turn   | Place    | Note
-------+----------+-------------------------------------------
     0 | D:1      | EnegeticOcto the Minotaur Fighter began the quest for the
                  | Orb.
     0 | D:1      | Reached XP level 1. HP: 19/19 MP: 0/0
    39 | D:1      | Reached skill level 3 in Axes
    39 | D:1      | Reached XP level 2. HP: 20/27 MP: 1/1
   336 | D:1      | Reached XP level 3. HP: 32/33 MP: 2/2
   547 | D:2      | Found a sparkling altar of Nemelex Xobeh.
   857 | D:2      | Found a runed translucent door.
   858 | D:2      | Noticed Crazy Yiuf
   957 | D:2      | Noticed Jessica
   965 | D:2      | Killed Jessica
   966 | D:2      | Reached XP level 4. HP: 40/40 MP: 3/3
  1243 | D:2      | Reached skill level 4 in Axes
  1366 | D:2      | Found a white marble altar of Elyvilon.
  1439 | D:2      | HP: 1/41 [Crazy Yiuf/+4 quarterstaff of chaos (2)]
  1441 | D:2      | Killed Crazy Yiuf
  1855 | D:3      | Reached XP level 5. HP: 47/47 MP: 4/4
  2016 | D:4      | Noticed an ogre
  2022 | D:4      | Reached skill level 5 in Axes
  2022 | D:4      | Slain by a killer bee

Illustrated notes

Levels and vault maps discovered:
D:1:      saegor_arrival_simple_c, layout_basic, minmay_heptomino_h4
D:2:      layout_loops_corners, lemuel_round_altar, nemelex_lonely_heart_becter,
          uniq_crazy_yiuf_cottage, uniq_jessica
D:3:      layout_loops_ring, minivault_14
D:4:      layout_layer_cave, grunt_gozag_breadcrumbs, uniq_natasha

Skill      XL: |  1  2  3  4  5 |
---------------+----------------+-----
Axes           | 3 4 5 |  5.0
Armour         | 4 |  4.8
Shields        | 4 |  4.8
Fighting       | 4 |  4.8

Action                   |  1- 3 |  4- 6 || total
-------------------------+-------+-------++-------
Melee: War axe           |    72 |    50 ||   122
       Headbutt          |     7 |    10 ||    17
Armor: Scale mail        |    39 |    19 ||    58
Dodge: Dodged            |    25 |    13 ||    38
Block: Kite shield       |    30 |    28 ||    58
